AoeStats
← Fugi

Oasis

510175378Analyzed
2v2 RM · 1d ago on Sep 29, 2026· 59m 53s· 4 players
Game mode
Random Map
Map size
Medium (4 player)
Population
200
Speed
Normal
Resources
Standard
Victory
Conquest
Starting age
Dark Age
Ending age
Imperial Age
RankedLock teamsTeams togetherTeam positionsShared explorationLock speedFull tech treeHidden civsTurbo modeCheats
Victory
Defeat
🇪🇸 Persians · Spain
1373
+15
🇪🇸 Spanish · Spain
1315
+17
🇨🇳 Jurchens · China
1398
-18
🇺🇸 Ethiopians · United States
1300
-14
Fugi
5:43 Loom
12:22 Feudal Age
16:30 Castle Age
17:53 Double-Bit Axe
17:56 Horse Collar
21:25 Heavy Plow
24:31 Wheelbarrow
24:30 Bow Saw
24:58 Town Watch
25:41 Hand Cart
25:18 Gold Mining
26:00 Scale Barding Armor
31:36 Imperial Age
30:23 Chain Barding Armor
30:40 Forging
31:02 Bloodlines
30:54 Husbandry
31:18 Cavalier
32:35 Plate Barding Armor
32:34 Caravan
33:38 Two-Man Saw
33:08 Crop Rotation
33:16 Gold Shaft Mining
34:00 Iron Casting
35:57 Blast Furnace
34:46 Savar
35:28 Scale Mail Armor
35:50 Conscription
35:47 Masonry
35:31 Capped Ram
37:51 Architecture
37:43 Ballistics
37:21 Murder Holes
38:27 Chemistry
38:29 Stone Mining
38:40 Fletching
38:50 Padded Archer Armor
39:06 Chain Mail Armor
39:25 Guard Tower
39:34 Heavy Scorpion
49:39 Coinage
49:20 Guilds
48:51 Siege Ram
50:22 Hoardings
49:19 Sappers
49:56 Onager
53:15 Light Cavalry
55:58 Hussar
Hercules
10:13 Loom
11:59 Feudal Age
13:16 Double-Bit Axe
16:04 Castle Age
14:19 Horse Collar
17:24 Bow Saw
23:04 Wheelbarrow
23:11 Heavy Plow
23:01 Gold Mining
25:12 Hand Cart
24:44 Town Watch
25:49 Stone Mining
26:47 Fletching
27:09 Forging
27:00 Padded Archer Armor
28:28 Scale Barding Armor
28:19 Bodkin Arrow
32:19 Bloodlines
33:02 Husbandry
36:06 Imperial Age
34:45 Chain Barding Armor
36:37 Iron Casting
36:17 Leather Archer Armor
35:39 Light Cavalry
37:32 Plate Barding Armor
38:08 Two-Man Saw
38:10 Chemistry
36:36 Hussar
38:42 Blast Furnace
38:19 Conscription
38:26 Bracer
43:24 Leather Archer Armor
43:57 Ballistics
44:08 Bombard Tower
44:55 Cavalier
46:44 Paladin
52:13 Caravan
LYR92426
11:29 Feudal Age
12:31 Double-Bit Axe
16:10 Castle Age
14:40 Loom
15:51 Wheelbarrow
15:04 Horse Collar
20:48 Hand Cart
21:47 Heavy Plow
23:05 Gold Mining
23:05 Stone Mining
23:28 Town Watch
26:33 Stone Shaft Mining
26:35 Gold Shaft Mining
31:24 Imperial Age
29:39 Town Patrol
30:23 Ballistics
30:54 Thumb Ring
30:10 Crossbowman
33:49 Chemistry
32:11 Arbalester
32:48 Fletching
33:17 Fortified Wall
33:18 Masonry
33:26 Padded Archer Armor
33:24 Bodkin Arrow
34:38 Bow Saw
34:53 Bracer
35:25 Leather Archer Armor
35:20 Forging
34:58 Elite Skirmisher
35:50 Halberdier
36:31 Squires
37:11 Ring Archer Armor
36:49 Torsion Engines
37:09 Conscription
37:09 Siege Engineers
37:35 Architecture
37:18 Scale Mail Armor
38:36 Iron Casting
38:14 Arson
38:07 Elite Shotel Warrior
38:48 Royal Heirs
40:36 Blast Furnace
39:58 Chain Mail Armor
42:23 Capped Ram
51:24 Siege Ram
54:22 Caravan
Mustafa90
8:20 Loom
10:33 Feudal Age
15:59 Castle Age
14:20 Double-Bit Axe
18:00 Wheelbarrow
21:25 Fletching
24:01 Bodkin Arrow
25:01 Ballistics
24:57 Bow Saw
24:57 Town Watch
25:31 Bloodlines
27:00 Padded Archer Armor
28:05 Leather Archer Armor
33:04 Hand Cart
33:56 Gold Mining
33:56 Stone Mining
35:42 Gold Shaft Mining
35:42 Stone Shaft Mining
34:59 Treadmill Crane
38:56 Imperial Age
36:46 Scale Barding Armor
36:52 Forging
36:56 Light Cavalry
37:37 Husbandry
38:02 Siege Engineers
38:07 Horse Collar
39:48 Chain Barding Armor
40:00 Conscription
39:15 Heavy Cavalry Archer
40:59 Iron Casting
41:26 Masonry
41:19 Elite Steppe Lancer
42:36 Plate Barding Armor
43:02 Blast Furnace
42:44 Bracer
47:28 Ring Archer Armor
51:57 Pikeman
52:38 Squires
52:50 Halberdier
53:32 Scale Mail Armor
54:34 Chain Mail Armor
Connection lost

Rejoining the realm…

Still unreachable

The connection could not be restored.

Session expired

The server has moved on; the page needs a fresh start.